 Dungeon Crawl Stone Soup version 0.29-a0-911-g88e6f02907 (webtiles) character file.

Game seed: 11689130690407531381

65 Sabo the Magician (level 4, 0/36 HPs)
             Began as a Naga Hedge Wizard on July 25, 2022.
             Was a Follower of Dithmenos.
             Slain by an orc
             ... wielding a +0 club
              (2 damage)
             ... on level 3 of the Dungeon.
             The game lasted 00:16:15 (3332 turns).

Sabo the Magician (Naga Hedge Wizard)               Turns: 3332, Time: 00:16:16

Health: 0/36       AC:  2    Str: 13    XL:     4   Next: 13%
Magic:  10/10      EV:  9    Int: 16    God:    Dithmenos [*.....]
Gold:   172        SH:  0    Dex: 10    Spells: 10/11 levels left

rFire   . . .      SeeInvis +   e - +1 dagger (elec)
rCold   . . .      Faith    .   (no shield)
rNeg    . . .      Spirit   .   b - +0 robe
rPois   +          Reflect  .   c - +0 hat
rElec   .          Harm     .   (no cloak)
rCorr   .          Rampage  .   (no gloves)
Will    .....                   (no barding)
Stlth   +.........              g - amulet of the acrobat
HPRegen 0.12/turn               (no ring)
MPRegen 0.12/turn               (no ring)

@: confused, wreathed by umbra, very slow
A: AC +1, large, see invisible, deformed body, poison resistance, slowness 2,
spit poison 1, naga tail 1
a: Spit Poison, Renounce Religion


You were on level 3 of the Dungeon.
You worshipped Dithmenos.
Dithmenos was aware of your devotion.
You visited 1 branch of the dungeon, and saw 3 of its levels.

You collected 172 gold pieces.

Inventory:

Hand Weapons
 e - a +1 dagger of electrocution (weapon)
 i - a +0 sling
Missiles
 a - 4 poisoned darts (quivered)
Armour
 b - a +0 robe (worn)
 c - a +0 hat (worn)
Jewellery
 g - an amulet of the acrobat (around neck)
Scrolls
 h - a scroll of identify
 n - a scroll of fear
Potions
 d - a potion of magic
 f - a potion of heal wounds
 k - a potion of ambrosia {unknown}
 l - a potion of brilliance {unknown}
 m - a potion of lignification {unknown}


   Skills:
 + Level 0.2 Fighting
 + Level 0.3 Short Blades
 + Level 1.7 Dodging
 + Level 3.6 Stealth
 + Level 4.0 Spellcasting
 + Level 1.7 Conjurations
 + Level 1.0 Summonings
 + Level 1.0 Translocations


You had 10 spell levels left.
You knew the following spells:

 Your Spells              Type           Power      Damage    Failure   Level
a - Magic Dart            Conj           32%        1d4       9%          1

Your spell library contained the following spells:

 Spells                   Type           Power      Damage    Failure   Level
 Summon Small Mammal      Summ           24%        N/A       11%         1
 Slow                     Hex            12%        N/A       17%         1
 Blink                    Tloc           12%        N/A       17%         2
 Call Imp                 Summ           6%         N/A       17%         2
 Call Canine Familiar     Summ           6%         N/A       32%         3
 Conjure Flame            Conj/Fire      5%         6-21      34%         3
 Mephitic Cloud           Conj/Pois/Air  5%         N/A       36%         3
 Summon Guardian Golem    Hex/Summ       4%         N/A       38%         3


Dungeon Overview and Level Annotations

Branches:
Dungeon (3/15)

Altars:
Dithmenos


Innate Abilities, Weirdness & Mutations

Your serpentine skin is tough. (AC +1)
You have supernaturally acute eyesight. (SInv)
Armour fits poorly on your strangely shaped body.
Your system is resistant to poisons. (rPois)
You cover ground very slowly.
You can spit poison.
You have a snake-like lower body.


Message History

The puff of flame hits you.
* * * LOW HITPOINT WARNING * * *
You hit the orc wizard.
The orc wizard is heavily wounded.
An orc comes into view. It is wielding a +0 club.
The orc wizard hits you with a +0 dagger.
* * * LOW HITPOINT WARNING * * *
Aiming: Spit Poison (1% risk of failure)
Press: ? - help, Shift-Dir - straight line, f - orc wizard
Aim: an orc wizard, wielding a +0 dagger and wearing a +0 robe (heavily wounded, slightly transparent, umbra, 50% to hit)
The splash of poison misses the orc wizard.
The splash of poison hits the orc.
The orc is poisoned.
The orc is lightly wounded.
The orc wizard gestures at you while chanting.
You are confused.
You're too confused to cast spells.
Unknown command.
Unknown command.
You hit the orc wizard but do no damage.
The orc wizard is heavily wounded.
The orc wizard barely misses you.
The orc wizard attacks as you move away!
The orc wizard misses you.
You hit the orc wizard but do no damage.
The orc wizard is heavily wounded.
You kill the orc!
Dithmenos accepts your kill.
The orc wizard hits you with a +0 dagger.
* * * LOW HITPOINT WARNING * * *
The orc wizard casts a spell at you.
You are more confused.
The orc wizard hits you with a +0 dagger.
* * * LOW HITPOINT WARNING * * *
You bump into the rock wall.
You have got your breath back.
You bump into the rock wall.
The orc wizard closely misses you.
You closely miss the orc wizard.
The orc wizard is heavily wounded.
The orc hits you with a +0 club.
You die...

..# ##.# ### #.# #.# #.#
#.# ##.. #.#########.....
. ###.##.........# ...
###..รท.......#####.....
###.............@oo).....
................o###)....
###>.............# ###
.................#
###..............#
#..............#
##............##
##..........##
############


You could see an orc wizard (invisible) and 2 orcs.

Vanquished Creatures
  An adder (D:2)
  5 orcs
  3 endoplasms (D:1)
  2 giant cockroaches
  9 goblins
  3 hobgoblins (D:2)
  2 jackals (D:1)
  6 kobolds
  3 quokkas
  3 ball pythons (D:1)
  3 bats (D:1)
  A frilled lizard (D:1)
  3 rats
44 creatures vanquished.

Vanquished Creatures (others)
  A plant (D:1)
1 creature vanquished.

Grand Total: 45 creatures vanquished

Notes
Turn   | Place    | Note
-------+----------+-------------------------------------------
     0 | D:1      | Sabo the Naga Hedge Wizard began the quest for the Orb.
     0 | D:1      | Reached XP level 1. HP: 15/15 MP: 4/4
   339 | D:1      | Reached XP level 2. HP: 7/22 MP: 1/6
  1333 | D:1      | Reached XP level 3. HP: 27/28 MP: 8/8
  1357 | D:1      | Found a faded altar of an unknown god.
  1441 | D:1      | Prayed at the altar of an unknown god.
  1441 | D:1      | Became a worshipper of Dithmenos the Shadowed
  1441 | D:1      | Reached * piety under Dithmenos
  2673 | D:2      | Reached skill level 4 in Spellcasting
  2721 | D:2      | Reached XP level 4. HP: 32/36 MP: 10/10
  3329 | D:3      | HP: 1/36 [orc wizard/+0 dagger (2)]
  3332 | D:3      | Slain by an orc

Illustrated notes

Levels and vault maps discovered:
D:1:      co_arrival_square_in_a_square_in_a_square, layout_basic,
          shapermc_ecumenical_altar_gd, minmay_bisected
D:2:      layout_loops_ring, kennysheep_flooded_box, guppyfry_early_orc_mine
D:3:      layout_rooms, kennysheep_generic_room_8, uniq_jessica

Skill      XL: |  1  2  3 |
---------------+----------+-----
Spellcasting   | 4 |  4.0
Fighting       | |  0.2
Short Blades   | |  0.3
Dodging        | |  1.7
Stealth        | |  3.6
Conjurations   | |  1.7
Summonings     | |  1.0
Translocations | |  1.0

Action                   |  1- 3 |  4- 6 || total
-------------------------+-------+-------++-------
Melee: Dagger            |    33 |    16 ||    49
 Cast: Magic Dart        |    43 |     4 ||    47
 Abil: Spit Poison       |    13 |     3 ||    16
  Use: Scroll            |       |     4 ||     4
 Stab: Sleeping          |     1 |     1 ||     2
Armor: Robe              |     4 |     1 ||     5
Dodge: Dodged            |    16 |     6 ||    22

Table legend: (Time is in decaauts)
 A = Elapsed time spent in this place.
 B = Non-inter-level travel time spent in this place.
 C = Inter-level travel time spent in this place.
 D = Time resting spent in this place.
 E = Time spent auto-exploring this place.
 F = Levels seen in this place.
 G = Mean time per level.
                   A        B        C        D        E       F      G
               +--------+--------+--------+--------+--------+-----+--------+
         Total |   4080 |   4080 |      0 |   1273 |      0 |   3 | 1360.0 |
       Dungeon |   4080 |   4080 |      0 |   1273 |      0 |   3 | 1360.0 |
               +--------+--------+--------+--------+--------+-----+--------+

Top non-repeatable levels by time:
     D:1: 2136 daAuts
     D:2: 1569 daAuts
     D:3: 374 daAuts
